 Dungeon Crawl Stone Soup version 0.29.0-15-g675c0067aa (webtiles) character file.

Game seed: 3689925224583394311

358366 Ijustatesigmund the Victor of a Thousand Battles (level 22, 0/152 HPs)
             Began as a Gargoyle Fighter on Sept 10, 2022.
             Was the Champion of Okawaru.
             Slain by a titan (24 damage)
             ... on level 4 of the Vaults on Sept 12, 2022.
             The game lasted 01:56:50 (52147 turns).

Ijustatesigmund (GrFi)                             Turns: 52147, Time: 01:56:51

Health: 0/152      AC: 56    Str: 42    XL:     22   Next: 38%
Magic:  33/37      EV: 17    Int: 16    God:    Okawaru [******]
Gold:   2417       SH: 10    Dex: 16    Spells: 21/31 levels left

rFire   + + +      SeeInvis +   b - +7 flail "Maoph" {venom, *Rage rF+++ rC+ rN+}
rCold   + + .      Faith    .   N - +3 warlock's mirror {reflect}
rNeg    + + .      Spirit   .   s - +11 ice dragon scales "Jira" {rF- rC++ Str+4}
rPois   ∞          Reflect  +   S - +2 helmet
rElec   +          Harm     .   p - +1 cloak
rCorr   +          Rampage  .   l - +1 pair of gloves
Will    ++...      Rage     20% C - +2 pair of boots of Oniuga {rPois rF++ rC- Str+4}
Stlth   ..........              c - amulet "Lifoeroi" {Regen+ rCorr Str+4 Int+3 Dex+4}
HPRegen 1.15/turn               U - ring of Heesh {+Blink Dex+4 Slay+3 SInv}
MPRegen 0.25/turn               Q - +4 ring of evasion

@: on berserk cooldown, flying
A: sickness immunity, AC +16, big wings, negative energy resistance 1,
electricity resistance, torment resistance 1, petrification resistance,
strong-willed 1, strong 1
}: 2/15 runes: serpentine, barnacled
a: Renounce Religion, Evoke Blink, Heroism, Finesse, Duel


You were on level 4 of the Vaults.
You worshipped Okawaru.
Okawaru was exalted by your worship.
You visited 7 branches of the dungeon, and saw 36 of its levels.
You visited the Abyss 1 time.
You visited 1 bazaar.
You also visited: Ice Cave.

You collected 5767 gold pieces.
You spent 3350 gold pieces at shops.

Inventory:

Hand Weapons
 a - the +5 demon whip "Spellbinder" {antimagic, Will+}
   (You acquired it on level 11 of the Dungeon)

   It reduces the magical energy of the wielder, and disrupts the spells and
   magical abilities of those it strikes.
   Natural abilities and divine invocations are not affected.
   It unleashes wild and unpredictable magical effects upon striking a wizard or
   a creature with magical abilities.
   Will:      It increases your willpower.
 b - the +7 flail "Maoph" (weapon) {venom, *Rage rF+++ rC+ rN+}
   (Okawaru gifted it to you on level 3 of the Vaults)

   It poisons the flesh of those it strikes.
   rF:        It renders you almost immune to fire.
   rC:        It protects you from cold.
   rN:        It protects you from negative energy.
   *Rage:     It berserks you when you make melee attacks (+20% chance).
 L - a +7 eveningstar of protection
Missiles
 y - 10 throwing nets (quivered)
 T - 5 curare-tipped darts
Armour
 g - the +3 pair of mountain boots {steadfast, rC+}
   (You bought it in a shop on level 1 of the Vaults)

   It prevents involuntary movement, except for blinking, teleportation, or
   banishment.
   rC:        It protects you from cold.
 l - a +1 pair of gloves (worn)
 p - a +1 cloak (worn)
 s - the +11 ice dragon scales "Jira" (worn) {rF- rC++ Str+4}
   (Okawaru gifted it to you on level 4 of the Shoals)

   Str:       It affects your strength (+4).
   rF:        It makes you vulnerable to fire.
   rC:        It greatly protects you from cold.
 t - the +0 kite shield "Fiunoedd" {Int+3 Slay+2 Stlth+}
   (Okawaru gifted it to you on level 1 of the Lair of Beasts)

   Int:       It affects your intelligence (+3).
   Slay:      It affects your accuracy & damage with ranged weapons and melee
   (+2).
   Stlth:     It makes you more stealthy.
 C - the +2 pair of boots of Oniuga (worn) {rPois rF++ rC- Str+4}
   (Okawaru gifted it to you on level 13 of the Dungeon)

   Str:       It affects your strength (+4).
   rF:        It greatly protects you from fire.
   rC:        It makes you vulnerable to cold.
   rPois:     It protects you from poison.
 N - the +3 warlock's mirror (worn) {reflect}
   (Okawaru gifted it to you on level 14 of the Dungeon)

   It can block and reflect piercing ranged attacks and magical attacks against
   the wielder's willpower.
 S - a +2 helmet (worn)
Jewellery
 c - the amulet "Lifoeroi" (around neck) {Regen+ rCorr Str+4 Int+3 Dex+4}
   (You bought it in a shop on level 2 of the Orcish Mines)

   [amulet of regeneration]

   Str:       It affects your strength (+4).
   Int:       It affects your intelligence (+3).
   Dex:       It affects your dexterity (+4).
   Regen:     It increases your rate of health regeneration.
   rCorr:     It protects you from acid and corrosion.
 A - the ring of the Tortoise {AC+8}
   (You found it on level 1 of the Vaults)

   [ring of protection]

   AC:        It affects your AC (+8).
 P - a ring of wizardry
 Q - a +4 ring of evasion (right hand)
 U - the ring of Heesh (left hand) {+Blink Dex+4 Slay+3 SInv}
   (You found it on level 2 of the Lair of Beasts)

   [ring of see invisible]

   Dex:       It affects your dexterity (+4).
   Slay:      It affects your accuracy & damage with ranged weapons and melee
   (+3).
   SInv:      It lets you see invisible.
   +Blink:    It lets you blink.
 Y - a ring of positive energy
Wands
 n - a wand of polymorph (25)
 o - a wand of digging (23)
 r - a wand of charming (22)
 v - a wand of iceblast (21)
 H - a wand of acid (6)
 J - a wand of mindburst (10)
 W - a wand of flame (17)
Scrolls
 f - 2 scrolls of fear
 j - 5 scrolls of immolation
 k - a scroll of fog
 m - 14 scrolls of teleportation
 D - 2 scrolls of summoning
 E - 3 scrolls of enchant armour
 F - 3 scrolls of poison
 G - a scroll of silence
 I - 11 scrolls of identify
 X - 4 scrolls of amnesia
Potions
 d - 7 potions of flight
 e - 11 potions of curing
 h - 6 potions of attraction
 i - 8 potions of lignification
 q - 8 potions of mutation
 u - 6 potions of magic
 w - 4 potions of invisibility
 x - a potion of heal wounds
 z - 4 potions of brilliance
 B - 6 potions of might
 K - 5 potions of haste
 O - a potion of cancellation
 R - 3 potions of resistance
 V - 6 potions of berserk rage
Miscellaneous
 M - a condenser vane


   Skills:
 - Level 20.1 Fighting
 - Level 14.2 Maces & Flails
 - Level 17.1 Armour
 - Level 5.7 Dodging
 + Level 9.5 Shields
 - Level 5.1 Spellcasting
 - Level 10.3 Translocations
 + Level 22.3 Invocations
 - Level 12.8 Evocations


You had 21 spell levels left.
You knew the following spells:

 Your Spells              Type           Power      Damage    Failure   Level
a - Blink                 Tloc           74%        N/A       1%          2
b - Lesser Beckoning      Tloc           37%        N/A       1%          3
c - Manifold Assault      Tloc           37%        N/A       11%         5

Your spell library contained the following spells:

 Spells                   Type           Power      Damage    Failure   Level
 Portal Projectile        Hex/Tloc       40%        N/A       10%         3
 Beastly Appendage        Tmut           8%         N/A       28%         1
 Magic Dart               Conj           16%        1d3       28%         1
 Sandblast                Erth           8%         2d5       28%         1
 Ensorcelled Hibernation  Hex/Ice        8%         N/A       38%         2
 Passwall                 Tmut/Erth      3%         N/A       38%         2
 Scorch                   Fire           8%         2d5       38%         2
 Searing Ray              Conj           8%         2d4       38%         2
 Static Discharge         Conj/Air       4%         3-4/arc   38%         2
 Wereblood                Tmut           4%         N/A       38%         2
 Confusing Touch          Hex            4%         N/A       63%         3
 Conjure Flame            Conj/Fire      4%         6-21      63%         3
 Frozen Ramparts          Ice            8%         1d2       63%         3
 Ignite Poison            Fire/Tmut/Pois 4%         N/A       63%         3
 Inner Flame              Hex/Fire       4%         N/A       63%         3
 Ozocubu's Armour         Ice            4%         N/A       63%         3
 Spider Form              Tmut/Pois      4%         N/A       63%         3
 Stone Arrow              Conj/Erth      8%         3d7       63%         3
 Swiftness                Air            4%         N/A       63%         3
 Anguish                  Hex/Necr       2%         N/A       95%         4
 Cause Fear               Hex            2%         N/A       95%         4
 Flame Wave               Conj/Fire      4%         2d5       95%         4
 Fulminant Prism          Conj/Hex       2%         3d6       95%         4
 Ice Form                 Ice/Tmut       4%         N/A       95%         4
 Sticky Flame             Conj/Fire      4%         2d3       95%         4
 Blade Hands              Tmut           2%         N/A       100%        5
 Irradiate                Conj/Tmut      2%         3d12      100%        5
 Lightning Bolt           Conj/Air       2%         1d13      100%        5
 Yara's Violent Unravell  Hex/Tmut       2%         3d3       100%        5
 Iron Shot                Conj/Erth      2%         9d2       100%        6
 Dragon Form              Tmut           2%         N/A       100%        7
 Enfeeble                 Hex            2%         N/A       100%        7
 Ozocubu's Refrigeration  Ice            2%         4d7       100%        7
 Discord                  Hex            2%         N/A       100%        8
 Maxwell's Capacitive Co  Air            2%         ∞         100%        8
 Chain Lightning          Conj/Air       2%         3d2       100%        9
 Fire Storm               Conj/Fire      2%         8d1       100%        9
 Shatter                  Erth           2%         3d6*      100%        9
 Tukima's Dance           Hex            Unusable   N/A       N/A         3
 Animate Armour           Summ/Erth      Unusable   N/A       N/A         4
 Summon Ice Beast         Ice/Summ       Unusable   N/A       N/A         4
 Summon Cactus Giant      Summ           Unusable   N/A       N/A         6

Dungeon Overview and Level Annotations

Branches:
Dungeon (15/15)            Temple (1/1) D:6            Lair (5/5) D:10
 Shoals (4/4) Lair:3        Snake (4/4) Lair:3        Slime (0/5) Lair:5
    Orc (2/2) D:11            Elf (0/3) Orc:2        Vaults (5/5) D:13
  Crypt (0/3) Vaults:2     Depths (0/4) D:15          IceCv (visited)

Altars:
Ashenzari
Dithmenos
Elyvilon
Fedhas
Gozag
Hepliaklqana
Nemelex Xobeh
Okawaru
Qazlal
Uskayaw
Wu Jian
Xom
Zin

Shops:
D:2 (   D:3 ?*=[(   D:5 [   Orc:1 [   Orc:2 =(*[   Snake:3 (   Snake:4 (([
Vaults:1 [

Portals:
Trove: Vaults:1 (give 7 scrolls of fog)

Annotations:
D:7 3 runed translucent doors, Smoky173's ghost, novice SpDe
D:14 Roxanne
Lair:1 exclusion: oklob plant


Innate Abilities, Weirdness & Mutations

You are immune to sickness and miasma.
Your stone body is resilient. (AC +16)
You are immune to poison.
Your large and strong wings let you fly.
You resist negative energy. (rN+)
You are resistant to electric shocks. (rElec)
You are resistant to unholy torment.
You are immune to petrification.
You are strong-willed. (Will+)
Your muscles are strong. (Str +4, Int/Dex -1)


Message History

The quicksilver dragon misses you.
The quicksilver dragon closely misses you.
The titan is engulfed in blazing flames. x2
Flame seeps out of the titan.
The titan waves its arms in wide circles.
The air twists around and strikes you.
The fire giant is engulfed in blazing flames.
Flame seeps out of the fire giant.
You block the fire giant's attack.
The quicksilver dragon is engulfed in blazing flames.
Flame seeps out of the quicksilver dragon.
The quicksilver dragon bites you but does no damage.
The quicksilver dragon barely misses you.
The war gargoyle launches metal splinters at you.
The spray of metal splinters hits you.
* * * LOW HITPOINT WARNING * * *
You fly upwards.
There is a stone staircase leading down here.
Okay, then.
Casting: Manifold Assault (dangerous; 11% risk of failure)
Confirm with . or Enter, or press ? or * to list all spells.
You blink.
Flame seeps out of the titan.
Flame seeps out of the fire giant.
The titan is engulfed in blazing flames.
Flame seeps out of the titan.
The titan gestures wildly while chanting.
The titan is healed somewhat.
The fire giant is engulfed in blazing flames.
Flame seeps out of the fire giant.
The fire giant barely misses you.
Okay, then.
You feel much better.
You feel stable enough to blink again.
Flame seeps out of the titan.
Flame seeps out of the fire giant.
The fire giant is engulfed in blazing flames.
Flame seeps out of the fire giant.
The fire giant hits you with a +5 great sword of flaming!!
* * * LOW HITPOINT WARNING * * *
The fire giant burns you.
* * * LOW HITPOINT WARNING * * *
The titan is engulfed in blazing flames.
Flame seeps out of the titan.
The titan hits you!!
You die...

# ##### # ###### #.... # #....#
###.... # #)...# #....## #
#####''######....# # ########
#§D#....#..##..### # #......#
#CC#....#..##..# # #......#
#.@#....#..##..### # #......#
#..#....#..##....# # #......#
#..##''##..##....## # #......#
#..........####.... # #......#
#..........# #....
####'##''#######'#############'##
.................................
...........).....................
#######....).....................


You could see a titan (inner flame, very poisoned), a fire giant (inner flame,
strong, extremely poisoned) and a quicksilver dragon (inner flame).

Vanquished Creatures
  Nikola (Shoals:4)
  Jory (Vaults:2)
  2 tentacled monstrosities
  Zenata (Vaults:3)
  A kraken (Shoals:3)
  3 sphinxes
  Kirke (Shoals:3)
  3 shadow dragons
  3 nagarajas
  An orc warlord (Orc:1)
  A frost giant (Vaults:1)
  An iron dragon (Vaults:4)
  A ghoul (Vaults:2)
  14 vault wardens
  22 ironbound preservers
  7 very ugly things
  A war gargoyle (Vaults:3)
  7 ironbound thunderhulks
  3 stone giants
  An eleionoma (shapeshifter) (Vaults:3)
  13 dire elephants
  2 minotaurs (Shoals:4)
  Snorg (D:13)
  4 ettins
  2 crystal guardians (Vaults:2)
  2 deep elf death magi
  8 merfolk impalers
  4 merfolk javelineers
  5 great orbs of eyes
  2 boulder beetles (D:14)
  34 vault guards
  12 yaktaur captains
  2 peacekeepers
  4 hydras
  8 salamander tyrants
  An ogre mage (Vaults:3)
  Harold (Lair:1)
  4 catoblepae
  15 anacondas
  10 ironbound frosthearts
  6 two-headed ogres
  12 naga warriors
  16 centaur warriors
  Erica (Orc:1)
  4 alligator snapping turtles
  16 satyrs
  4 merfolk aquamancers
  2 merfolk avatars (Shoals:2)
  13 death yaks
  2 deep troll earth magi
  6 tengu warriors
  A vampire mage (D:13)
  6 naga sharpshooters
  3 orc high priests
  2 hell knights
  Urug (Lair:5)
  5 shock serpents
  Sonja (Lair:4)
  7 salamander mystics
  A shadow wraith (Vaults:2)
  A fire crab (D:14)
  4 skeletal warriors (D:14)
  18 sea snakes
  A glowing orange brain (Abyss:3)
  57 deep trolls
  6 naga ritualists
  13 lindwurms
  10 wizards
  11 ironbound convokers
  6 orc knights
  3 necromancers
  A phantasmal warrior (Vaults:2)
  28 harpies
  A harpy (shapeshifter) (D:14)
  13 mana vipers
  5 orc sorcerers
  28 ugly things
  A wolf spider (D:15)
  16 fauns
  28 salamanders
  22 manticores
  4 deep elf pyromancers
  11 cyclopes
  A moth of wrath (Vaults:4)
  10 elephants
  4 merfolk sirens
  A black mamba (shapeshifter) (Vaults:5)
  35 black mambas
  5 guardian serpents
  21 naga magi
  8 water nymphs
  A torpor snail (Lair:3)
  16 cane toads
  15 vault sentinels
  2 gargoyles (D:11)
  Maggie (D:7)
  3 efreet
  A human skeleton (Vaults:3)
  A freezing wraith (IceCv)
  A rime drake (Lair:2)
  6 komodo dragons
  39 yaktaurs
  An unseen horror (D:12)
  3 tengu conjurers
  47 merfolk
  2 polar bears
  6 trolls
  5 wind drakes
  A tarantella (shapeshifter) (Vaults:4)
  27 slime creatures
  14 raiju (Abyss:3)
  24 blink frogs
  16 dream sheep
  A fire giant simulacrum (Vaults:3)
  Sigmund (D:8)
  6 starcursed masses (Abyss:3)
  A large abomination (Abyss:3)
  7 snapping turtles
  10 water elementals
  A wraith (Vaults:2)
  A wyvern (Lair:5)
  38 yaks
  5 basilisks
  20 humans
  2 chaos spawn (Abyss:3)
  A yaktaur simulacrum (Vaults:3)
  2 steam dragons (D:7)
  8 vampire mosquitoes
  A redback (shapeshifter) (Vaults:2)
  4 wargs
  Menkaure (D:7)
  An acid dragon (D:10)
  29 nagas
  10 water moccasins
  Duvessa (D:4)
  A sky beast (D:7)
  30 orc warriors
  An ice beast (D:5)
  3 black bears
  2 human zombies (Vaults:3)
  10 ogres
  5 centaurs
  7 wolves
  5 kobold brigands
  Blork the orc (D:4)
  5 bullfrogs
  A necrophage (D:5)
  3 gnoll sergeants
  5 scorpions
  7 wights
  Dowan (D:4)
  2 elephant simulacra (IceCv)
  5 killer bees (D:8)
  4 howler monkeys
  2 hounds
  Crazy Yiuf (D:2)
  3 gnoll boudas
  22 orc priests
  A jelly (D:7)
  27 orc wizards
  Natasha (D:4)
  An iguana (D:5)
  A polar bear simulacrum (IceCv)
  Robin (D:2)
  23 gnolls
  9 adders
  A shadow imp (D:7)
  4 white imps
  4 ufetubi
  4 worms
  3 dart slugs
  76 orcs
  7 ball pythons
  4 bats
  3 endoplasms
  12 hobgoblins
  11 jackals
  29 kobolds
  2 quokkas
  3 frilled lizards
  17 goblins
  25 rats
  2 tentacles (Shoals:3)
1471 creatures vanquished.

Vanquished Creatures (collateral kills)
  A hound (D:6)
  2 gnolls (D:8)
  2 orcs
  A kobold (D:8)
6 creatures vanquished.

Vanquished Creatures (others)
  2 ironbound preservers
  An ironbound thunderhulk (Vaults:3)
  A deep elf death mage (Vaults:2)
  An ironbound frostheart (Vaults:1)
  A mana viper (Snake:4)
  An ironbound convoker (Vaults:3)
  A harpy (Shoals:4)
  A faun (Shoals:3)
  A centaur (D:6)
  4 wights
  A gnoll (D:8)
  An adder (D:6)
  5 demonic plants (D:7)
  7 fungi
  45 plants
  10 tentacles (Shoals:3)
83 creatures vanquished.

Grand Total: 1560 creatures vanquished

Notes
Turn   | Place    | Note
-------+----------+-------------------------------------------
     0 | D:1      | Ijustatesigmund the Gargoyle Fighter began the quest for
                  | the Orb.
     0 | D:1      | Reached XP level 1. HP: 14/14 MP: 1/1
   203 | D:1      | Reached XP level 2. HP: 16/19 MP: 2/2
   563 | D:1      | Found a faded altar of an unknown god.
   957 | D:1      | Reached XP level 3. HP: 24/24 MP: 3/3
  1434 | D:2      | Found Bited's Antique Weapon Shoppe.
  1519 | D:2      | Noticed Robin
  1527 | D:2      | Killed Robin
  1528 | D:2      | Reached XP level 4. HP: 29/29 MP: 4/4
  1685 | D:2      | Found a runed translucent door.
  1686 | D:2      | Noticed Crazy Yiuf
  1694 | D:2      | Killed Crazy Yiuf
  1954 | D:2      | Identified the +6 scale mail "Fonial" {rF+ rN+ Will- SInv}
  2013 | D:2      | Reached XP level 5. HP: 34/34 MP: 5/5
  2616 | D:3      | Found a shimmering altar of Xom.
  2627 | D:3      | Found Soptaggy's Antique Weapon Emporium.
  2672 | D:3      | Found a blossoming altar of Fedhas.
  2764 | D:3      | Reached skill level 5 in Maces & Flails
  2771 | D:3      | Reached XP level 6. HP: 40/40 MP: 6/6
  2834 | D:3      | Found Vuethruh's Antique Armour Boutique.
  2892 | D:3      | Found Publaf's Magic Scroll Shop.
  2901 | D:3      | Bought a scroll of teleportation for 39 gold pieces
  2931 | D:3      | Found Nihux's General Store.
  2984 | D:3      | Found Mabor's Jewellery Shop.
  3000 | D:3      | Found a hazy altar of Hepliaklqana.
  3002 | D:3      | Found a broken altar of Ashenzari.
  3052 | D:3      | Reached skill level 5 in Fighting
  3162 | D:3      | Bought a scroll of magic mapping for 97 gold pieces
  3651 | D:4      | Reached XP level 7. HP: 20/44 MP: 7/7
  3938 | D:4      | Noticed Dowan
  3938 | D:4      | Noticed Duvessa
  3961 | D:4      | Killed Duvessa
  4668 | D:4      | Killed Dowan
  4697 | D:4      | Noticed Natasha
  4705 | D:4      | Killed Natasha
  4789 | D:4      | Noticed Blork the orc
  4801 | D:4      | Killed Blork the orc
  4802 | D:4      | Reached skill level 5 in Armour
  5043 | D:5      | Entered Level 5 of the Dungeon
  5221 | D:5      | Reached XP level 8. HP: 51/52 MP: 8/8
  5316 | D:5      | Reached skill level 1 in Dodging
  5344 | D:5      | Found Uxku's Armour Shoppe.
  5985 | D:6      | Reached XP level 9. HP: 55/58 MP: 9/9
  6007 | D:6      | Found a staircase to the Ecumenical Temple.
  6040 | Temple   | Entered the Ecumenical Temple
  6912 | D:6      | Identified a scroll of acquirement
  6912 | D:6      | Acquired 800 gold pieces
  7061 | D:3      | Bought a scroll of brand weapon for 95 gold pieces
  7061 | D:3      | Bought a scroll of enchant armour for 75 gold pieces
  7094 | D:3      | Bought a scorched scale mail for 225 gold pieces
  7094 | D:3      | Identified the +4 scale mail of Refuge {Str+3 Dex+3} (You
                  | bought it in a shop on level 3 of the Dungeon)
  8043 | D:7      | Noticed Menkaure
  8061 | D:7      | Killed Menkaure
  8442 | D:7      | Noticed Maggie
  8450 | D:7      | Killed Maggie
  8605 | D:7      | Reached XP level 10. HP: 54/66 MP: 4/10
  8827 | D:7      | Found a runed translucent gate.
  8827 | D:7      | Found a runed translucent gate.
  8827 | D:7      | Found a runed translucent gate.
  8833 | D:7      | Noticed Smoky173's ghost (novice SpDe)
  9358 | D:8      | Found an iron altar of Okawaru.
  9447 | D:8      | Noticed Sigmund
  9454 | D:8      | Killed Sigmund
  9728 | D:8      | Found a white marble altar of Elyvilon.
  9984 | D:8      | Became a worshipper of Warmaster Okawaru
 10064 | D:9      | Reached skill level 10 in Fighting
 10064 | D:9      | Reached skill level 1 in Invocations
 10076 | D:9      | Reached * piety under Okawaru
 10086 | D:9      | Reached skill level 2 in Invocations
 10313 | D:9      | Upgraded the game from 0.29.0-13-gc9e81de378 to
                  | 0.29.0-15-g675c0067aa
 10707 | D:9      | Reached skill level 3 in Invocations
 10715 | D:9      | Reached skill level 10 in Maces & Flails
 10884 | D:9      | Reached ** piety under Okawaru
 10909 | D:9      | Reached skill level 4 in Invocations
 11108 | D:9      | Reached XP level 11. HP: 71/73 MP: 14/14
 11321 | D:10     | Entered Level 10 of the Dungeon
 11343 | D:10     | Found a staircase to the Lair.
 11543 | D:10     | Found a hide-covered altar of Uskayaw.
 11778 | D:10     | Noticed a two-headed ogre
 11785 | D:10     | Killed a two-headed ogre
 11786 | D:10     | Reached skill level 5 in Invocations
 12354 | D:11     | Reached *** piety under Okawaru
 12844 | D:11     | Found a staircase to the Orcish Mines.
 12853 | D:11     | Gained mutation: Your muscles are strong. (Str +4, Int/Dex
                  | -1) [potion of mutation]
 12853 | D:11     | Gained mutation: Your large and strong wings let you fly.
                  | [potion of mutation]
 12853 | D:11     | Gained mutation: You are strong-willed. (Will+) [potion of
                  | mutation]
 12878 | D:11     | Acquired the +5 demon whip "Spellbinder" {antimagic, Will+}
 12878 | D:11     | Found the +5 demon whip "Spellbinder" {antimagic, Will+}
 12902 | D:11     | Reached skill level 6 in Invocations
 12902 | D:11     | Identified the +6 long sword of Divine Courage {speed, rF+
                  | Will+}
 13466 | D:12     | Noticed a brown ugly thing
 13477 | D:12     | Killed a brown ugly thing
 13477 | D:12     | Reached **** piety under Okawaru
 13557 | D:12     | Identified the +0 falchion of Wuosku {vorpal, Int+4}
 13621 | D:12     | Noticed a manticore
 13624 | D:12     | Killed a manticore
 13678 | D:12     | Noticed a seven-headed hydra
 13686 | D:12     | Killed a seven-headed hydra
 13759 | D:12     | Noticed a two-headed ogre
 13770 | D:12     | Killed a two-headed ogre
 13770 | D:12     | Reached ***** piety under Okawaru
 13888 | D:12     | Noticed a green ugly thing
 13898 | D:12     | Killed a green ugly thing
 13973 | D:12     | Noticed a two-headed ogre
 13983 | D:12     | Killed a two-headed ogre
 13984 | D:12     | Reached skill level 7 in Invocations
 13984 | D:12     | Reached XP level 12. HP: 80/81 MP: 5/17
 14338 | D:13     | Found a frozen archway.
 14347 | IceCv    | Entered an ice cave
 14491 | IceCv    | Found a transporter.
 14521 | IceCv    | Found a transporter.
 14532 | IceCv    | Reached skill level 8 in Invocations
 15256 | D:13     | Received a gift from Okawaru
 15305 | D:13     | Reached skill level 9 in Invocations
 15645 | D:13     | Found a gate to the Vaults.
 15645 | D:13     | Noticed a vault guard
 15645 | D:13     | Noticed a vault guard
 15645 | D:13     | Noticed a vault guard
 15645 | D:13     | Noticed a vault guard
 15665 | D:14     | Noticed Roxanne
 15680 | D:14     | Killed a vault guard
 15696 | D:14     | Killed a vault guard
 15962 | D:14     | Reached skill level 10 in Invocations
 15968 | D:14     | Found a stormy altar of Qazlal.
 16037 | D:13     | Noticed a centaur warrior
 16045 | D:13     | Killed a centaur warrior
 16049 | D:13     | Identified the +2 pair of boots of Oniuga {rPois rF++ rC-
                  | Str+4} (Okawaru gifted it to you on level 13 of the
                  | Dungeon)
 16049 | D:13     | Received a gift from Okawaru
 16078 | D:13     | Noticed a centaur warrior
 16089 | D:13     | Killed a centaur warrior
 16164 | D:13     | Killed a vault guard
 16430 | D:13     | Reached XP level 13. HP: 86/91 MP: 7/21
 16611 | D:13     | Reached skill level 11 in Invocations
 16834 | D:13     | Noticed Snorg
 16852 | D:13     | Killed Snorg
 17076 | D:13     | Killed a vault guard
 17077 | D:13     | Reached skill level 15 in Fighting
 17719 | D:14     | Reached skill level 1 in Evocations
 17768 | D:14     | Reached skill level 12 in Invocations
 18087 | D:14     | Reached ****** piety under Okawaru
 18219 | D:14     | Received a gift from Okawaru
 18219 | D:14     | Found the +3 warlock's mirror {reflect}
 18960 | D:14     | Acquired 1294 gold pieces
 19762 | D:15     | Entered Level 15 of the Dungeon
 19795 | D:15     | Found a staircase to the Depths.
 19795 | D:15     | Noticed a dire elephant
 19811 | D:15     | Noticed a great orb of eyes
 19812 | D:15     | Mutation became permanent: Your large and strong wings let
                  | you fly. [Gargoyle growth]
 19812 | D:15     | Gained mutation: Your large and strong wings let you fly.
                  | [Gargoyle growth]
 19812 | D:15     | Reached XP level 14. HP: 71/100 MP: 2/23
 19817 | D:15     | Reached skill level 13 in Invocations
 19827 | D:15     | Killed a dire elephant
 19983 | D:15     | Learned a level 2 spell: Blink
 20598 | D:15     | Reached skill level 1 in Translocations
 20707 | D:15     | Reached skill level 5 in Evocations
 21629 | Lair:1   | Entered Level 1 of the Lair of Beasts
 21681 | Lair:1   | You are sucked into a shaft and drop 1 floor!
 21909 | Lair:2   | Received a gift from Okawaru
 21940 | Lair:1   | Noticed Harold
 22016 | Lair:1   | Killed Harold
 22270 | Lair:1   | Found a stormy altar of Qazlal.
 22751 | Lair:1   | Identified the +0 kite shield "Fiunoedd" {Int+3 Slay+2
                  | Stlth+} (Okawaru gifted it to you on level 1 of the Lair of
                  | Beasts)
 22751 | Lair:1   | Received a gift from Okawaru
 23626 | Lair:2   | Identified the ring of Heesh {+Blink Dex+4 Slay+3 SInv}
 23940 | Lair:3   | Found a staircase to the Shoals.
 24198 | Lair:3   | Reached skill level 14 in Invocations
 24468 | Lair:3   | Found a staircase to the Snake Pit.
 24965 | Lair:4   | Reached XP level 15. HP: 97/105 MP: 8/25
 25405 | Lair:4   | Noticed Sonja
 25413 | Lair:4   | Killed Sonja
 25833 | Lair:4   | Reached skill level 5 in Shields
 26084 | Lair:5   | Entered Level 5 of the Lair of Beasts
 26091 | Lair:5   | Identified the +3 arbalest of the Hurting Gods {vorpal,
                  | Str+2}
 26126 | Lair:5   | Received a gift from Okawaru
 26224 | Lair:5   | Found a staircase to the Slime Pits.
 26715 | Lair:5   | Reached skill level 5 in Dodging
 27100 | Lair:5   | Identified the +0 hat of the Forest {+Blink Int+3} (Okawaru
                  | gifted it to you on level 5 of the Lair of Beasts)
 27100 | Lair:5   | Received a gift from Okawaru
 27348 | Lair:5   | Noticed Urug
 27368 | Lair:5   | Killed Urug
 27616 | Lair:5   | Found a blossoming altar of Fedhas.
 28081 | Orc:1    | Entered Level 1 of the Orcish Mines
 28200 | Orc:1    | Noticed Erica
 28215 | Orc:1    | Killed Erica
 28600 | Orc:1    | Found Baoxonao's Antique Armour Shoppe.
 28659 | Orc:2    | Entered Level 2 of the Orcish Mines
 28875 | Orc:2    | HP: 2/105 [orc knight/+0 great mace (8)]
 30424 | Orc:1    | Reached skill level 15 in Invocations
 30904 | Orc:2    | Noticed an orc warlord
 30962 | Orc:1    | Killed an orc warlord
 31259 | Orc:2    | Reached XP level 16. HP: 69/111 MP: 5/27
 31790 | Orc:2    | Found Dyafog's General Store.
 31791 | Orc:2    | Found Aloar's Jewellery Emporium.
 31793 | Orc:2    | Found Kaera's Antique Armour Shoppe.
 31793 | Orc:2    | Found Uqiuj's Antique Weapon Shoppe.
 31798 | Orc:2    | Bought a potion of berserk rage for 60 gold pieces
 31800 | Orc:2    | Bought the amulet "Lifoeroi" {Regen+ rCorr Str+4 Int+3
                  | Dex+4} for 985 gold pieces
 31820 | Orc:2    | Bought a bloodstained scale mail for 189 gold pieces
 31820 | Orc:2    | Identified the +1 scale mail of Oblivion {Dex+2} (You
                  | bought it in a shop on level 2 of the Orcish Mines)
 32026 | Orc:2    | Found a staircase to the Elven Halls.
 32097 | Orc:1    | Bought a pair of gloves for 126 gold pieces
 32269 | Snake:1  | Entered Level 1 of the Snake Pit
 32663 | Snake:2  | Identified the +4 flail "Fenurogg" {freeze, rCorr Str+3}
                  | (Okawaru gifted it to you on level 2 of the Snake Pit)
 32663 | Snake:2  | Received a gift from Okawaru
 32797 | Snake:1  | Identified the +11 falchion "Beaf" {drain, rElec Will-
                  | Dex+2 SInv}
 34363 | Snake:2  | Reached skill level 16 in Invocations
 34409 | Snake:2  | Noticed a nagaraja
 34428 | Snake:2  | Killed a nagaraja
 34428 | Snake:2  | Identified the +1 buckler "Mivinie" {rElec} (Okawaru gifted
                  | it to you on level 2 of the Snake Pit)
 34428 | Snake:2  | Received a gift from Okawaru
 34489 | Snake:2  | You are sucked into a shaft and drop 1 floor!
 34755 | Snake:3  | Found an iron altar of Okawaru.
 34855 | Snake:3  | Reached skill level 10 in Evocations
 35082 | Snake:3  | Reached XP level 17. HP: 105/119 MP: 9/29
 35147 | Snake:3  | Found Yromad's Weapon Emporium.
 35168 | Snake:3  | Reached skill level 10 in Armour
 35882 | Snake:4  | Entered Level 4 of the Snake Pit
 36029 | Snake:4  | Found Huc Geun's Antique Weapon Emporium.
 36124 | Snake:4  | Found Boishrin's Antique Armour Boutique.
 36128 | Snake:4  | Bought an ichor-stained plate armour for 756 gold pieces
 36128 | Snake:4  | Identified the +9 plate armour "Zauhiuni" {Harm rC+} (You
                  | bought it in a shop on level 4 of the Snake Pit)
 36182 | Snake:4  | Reached skill level 17 in Invocations
 36187 | Snake:4  | Received a gift from Okawaru
 36389 | Snake:4  | Found Dehaps's Weapon Shoppe.
 37471 | Snake:4  | Got a serpentine rune of Zot
 38302 | Shoals:1 | Entered Level 1 of the Shoals
 38498 | Shoals:1 | Identified the +3 pair of gloves "Lunesch" {Harm Int+4
                  | Dex-3} (Okawaru gifted it to you on level 1 of the Shoals)
 38498 | Shoals:1 | Received a gift from Okawaru
 38574 | Shoals:1 | Reached XP level 18. HP: 109/125 MP: 10/30
 38701 | Shoals:1 | Reached skill level 18 in Invocations
 41221 | Abyss:3  | Cast into level 3 of the Abyss (faun)
 41270 | Abyss:3  | Reached skill level 5 in Translocations
 41278 | Abyss:3  | Found a corrupted altar of Lugonu.
 41344 | Abyss:3  | Found a corrupted altar of Lugonu.
 41398 | Shoals:3 | Escaped the Abyss
 41478 | Shoals:3 | Noticed Kirke
 41484 | Shoals:3 | Received a gift from Okawaru
 41498 | Shoals:3 | Killed Kirke
 41803 | Shoals:3 | Learned a level 3 spell: Lesser Beckoning
 41974 | Shoals:3 | Found a sparkling altar of Nemelex Xobeh.
 42442 | Shoals:4 | Entered Level 4 of the Shoals
 42442 | Shoals:4 | Noticed Nikola
 42463 | Shoals:4 | Killed Nikola
 42547 | Shoals:4 | Reached XP level 19. HP: 130/131 MP: 7/32
 42854 | Shoals:4 | Reached skill level 1 in Spellcasting
 43424 | Shoals:4 | Reached skill level 10 in Translocations
 43490 | Shoals:4 | Got a barnacled rune of Zot
 43538 | Shoals:4 | Identified the +11 ice dragon scales "Jira" {rF- rC++
                  | Str+4} (Okawaru gifted it to you on level 4 of the Shoals)
 43538 | Shoals:4 | Received a gift from Okawaru
 43767 | Shoals:4 | Reached skill level 5 in Spellcasting
 44286 | Vaults:1 | Entered Level 1 of the Vaults
 44369 | Vaults:1 | Found Foefraf's Antique Armour Shop.
 44373 | Vaults:1 | Bought the +3 pair of mountain boots {steadfast, rC+} for
                  | 703 gold pieces
 44373 | Vaults:1 | Found the +3 pair of mountain boots {steadfast, rC+}
 44545 | Vaults:1 | Reached skill level 19 in Invocations
 45076 | Vaults:1 | Found the ring of the Tortoise {AC+8}
 45192 | Vaults:1 | Reached XP level 20. HP: 136/137 MP: 11/33
 45200 | Vaults:1 | Received a gift from Okawaru
 45791 | Vaults:1 | Found a portal to a secret trove of treasure.
 45958 | Vaults:2 | Found a flickering gateway to a bazaar.
 45997 | Bazaar   | Entered a bazaar
 45997 | Bazaar   | Found Ycumo's Antique Armour Boutique.
 45997 | Bazaar   | Found Huxulao's Armour Shop.
 45997 | Bazaar   | Found Etinigak's Antique Weapon Shop.
 46149 | Vaults:2 | Reached skill level 20 in Invocations
 46191 | Vaults:2 | Noticed Jory
 46220 | Vaults:2 | Killed Jory
 46265 | Vaults:2 | Reached skill level 15 in Armour
 46319 | Vaults:2 | Received a gift from Okawaru
 46319 | Vaults:2 | Found the +14 obsidian axe {vorpal, Mesm Drain Fly SInv}
 46744 | Vaults:2 | Found a staircase to the Crypt.
 46830 | Vaults:2 | Received a gift from Okawaru
 47688 | Vaults:3 | Identified the +7 flail "Maoph" {venom, *Rage rF+++ rC+
                  | rN+} (Okawaru gifted it to you on level 3 of the Vaults)
 47688 | Vaults:3 | Received a gift from Okawaru
 47695 | Vaults:3 | Reached XP level 21. HP: 136/144 MP: 11/35
 47993 | Vaults:3 | Learned a level 5 spell: Manifold Assault
 47995 | Vaults:3 | Noticed Zenata
 48009 | Vaults:3 | Killed Zenata
 48500 | Vaults:3 | Reached skill level 21 in Invocations
 48853 | Vaults:3 | Identified the +0 pair of boots of the Villain {Harm rPois
                  | Str-4 Dex+4}
 48860 | Vaults:3 | Received a gift from Okawaru
 48913 | Vaults:3 | Received a gift from Okawaru
 50145 | Vaults:4 | Received a gift from Okawaru
 50882 | Vaults:4 | Reached XP level 22. HP: 130/152 MP: 12/36
 51086 | Vaults:4 | Identified the +4 scale mail of Indemnity {Drain rCorr
                  | Dex+8}
 51608 | Vaults:5 | Entered Level 5 of the Vaults
 51618 | Vaults:5 | Received a gift from Okawaru
 51620 | Vaults:5 | Reached skill level 22 in Invocations
 52147 | Vaults:4 | Slain by a titan

Illustrated notes

Levels and vault maps discovered:
D:1:      dpeg_arrival_tiny_d, layout_loops_ring,
          hellmonk_ecumenical_altar_pennies_from_heaven
D:2:      minmay_chambers_of_ones, layout_basic, serial_shops,
          nicolae_square_shop, minmay_misc_feat_x, uniq_robin,
          uniq_crazy_yiuf_cottage
D:3:      layout_rooms, nicolae_overflow_hidden_temple, serial_shops, shop,
          nicolae_shop_hallway_stairs, shop, shop, nicolae_lakefront_shop,
          minmay_rat_hole
D:4:      layout_basic, uniq_blork_the_orc, uniq_duvessa, uniq_natasha
D:5:      layout_gridville, serial_shops, nicolae_shop_advertising_works
          [nicolae_subvault_shop_adworks]
D:6:      layout_gridville, minmay_temple_entry_stoned_glass
D:7:      layout_loops_ring, gammafunk_ghost_necromancy, serial_demonic,
          serial_demonic_d, serial_demonic_b, serial_demonic_b,
          serial_demonic_f, uniq_maggie, uniq_menkaure
D:8:      layout_basic, mainiacjoe_overflow_surrounded_room,
          mainiacjoe_overflow_catwalk, sigmund_army
D:9:      layout_loops_ring
D:10:     layout_basic, kennysheep_mini, lair_entry_dummy
D:11:     layout_rooms, erik_orc_4, nicolae_zen_rock_garden,
          hangedman_decor_riveting
D:12:     layout_irregular_city
D:13:     minmay_angry_zag, layout_irregular_city, grunt_vaults_entry_tiered,
          portal_ice_cave_entry_pillars_2, nzn_life_drinkers, uniq_snorg
D:14:     evilmike_horseshoe, layout_basic, nicolae_qazlal_general_emergency,
          uniq_roxanne
D:15:     hangedman_depths_entry_try_elsewhere_first, layout_gridville
Temple:   hellmonk_temple_of_storms
Lair:1:   layout_cave_pods, basic_altar, chequers_serial_rivers_micro_b,
          chequers_serial_rivers_micro_b, st_stairs_5, uniq_harold
Lair:2:   layout_small_grid, nicolae_quartered_pool_super, lemuel_fruit_fields,
          infiniplex_staircase_pool_2, grunt_megastairs_5
Lair:3:   layout_gridlike, elwin_shoals_entry_rocks,
          minmay_snake_entry_guardpost_small
Lair:4:   layout_regular_city, minivault_25, hibernation_bobbens, uniq_sonja
Lair:5:   evilmike_catoblepas_cave, layout_gridlike, dpeg_slime_entry_enclosed,
          basic_altar, chequers_serial_rivers_micro_e, uniq_urug
Shoals:1: layout_shoals
Shoals:2: layout_shoals
Shoals:3: layout_shoals, nicolae_shoals_circle_sea_wall, lemuel_altar_in_water,
          kb_tengu_band, uniq_kirke
Shoals:4: shoals_end_hellmonk_lost_city, serial_shops, uniq_nikola
Snake:1:  layout_grid_shapes, nicolae_snake_double_loop, grunt_megastairs_3
Snake:2:  nicolae_snakescales, layout_layer_cave
Snake:3:  layout_chambers, serial_shops, nicolae_shop_bloodbath_and_beyond,
          basic_altar
Snake:4:  grunt_snake_rune_pools, layout_basic, serial_shops,
          nicolae_shop_stone, nicolae_shop_behind_doors, nicolae_shop_waterfront
Orc:1:    layout_caves, serial_shops, shop_fountains, uniq_erica
Orc:2:    st_orc_congregation, layout_caves
Vaults:1: vaults_room_stairs_pillars, nicolae_vaults_specimen_jars,
          hangedman_vaults_cutoff, ontoclasm_vaults_decontamination,
          st_quartered_hall, layout_vaults_omnigrid, enter_trove_3,
          serial_shops, nicolae_shop_behind_doors
Vaults:2: v_misc_13, minmay_crypt_entry_simple_statues, v_misc_13, v_misc_3,
          nicolae_vaults_triangles, st_more_cells, v_misc_12, v_misc_26,
          v_misc_24, vaults_room_semicircle, ontoclasm_vaults_claustrophobia,
          v_alt_pattern_3, vaults_room_corners, nicolae_vaults_yaktaur_gun_rack,
          vaults_dpeg_emergency_exit, vaults_room_door_ring,
          layout_vaults_omnibox, serial_shops, bzr_in_the_mist, uniq_jory,
          uniq_margery
Vaults:3: nicolae_vaults_ninety_degrees, nicolae_vaults_rhombus_7,
          hangedman_vaults_river_flow, nicolae_vaults_halls_meeting,
          v_pattern_1, vaults_dpeg_doors, vaults_room_grunt_arrival_ludios,
          v_alt_pattern_3, ontoclasm_vaults_spin, v_misc_5, serial_ice_g,
          v_misc_19, layout_vaults_omnicross, uniq_zenata
Vaults:4: nicolae_vaults_shelves_hall, v_misc_15, nicolae_vaults_network_square,
          ontoclasm_vaults_chip, ontoclasm_vaults_shuriken, v_misc_22,
          vaults_dpeg_diagonal, vaults_standard_mumra_lines,
          vaults_room_ringed_pool, vaults_room_door_hall,
          nicolae_vaults_three_branches, nicolae_vaults_alarming, st_lattice,
          vaults_room_hallway, layout_vaults_big_room
Vaults:5: serial_shops, uniq_bai_suzhen

Skill      XL: |  1  2  3  4  5  6  7  8  9 10 11 12 13 14 15 16 17 18 19 20 21 22 |
---------------+-------------------------------------------------------------------+-----
Maces & Flails | 3 4 5 6 7 8 10 12 14 | 14.2
Fighting       | 4 5 6 7 9 10 12 14 16 18 19 20 | 20.1
Armour         | 4 5 7 8 9 12 14 15 17 | 17.1
Dodging        | 2 3 5 |  5.7
Invocations    | 4 7 10 12 14 15 16 17 18 19 20 21 22 | 22.3
Evocations     | 4 6 8 10 11 12 | 12.8
Translocations | 3 8 10 | 10.3
Shields        | 4 7 9 |  9.5
Spellcasting   | 5 |  5.1

Action                   |  1- 3 |  4- 6 |  7- 9 | 10-12 | 13-15 | 16-18 | 19-21 | 22-24 || total
-------------------------+-------+-------+-------+-------+-------+-------+-------+-------++-------
Melee: Flail             |    62 |       |   131 |   479 |       |       |       |    51 ||   723
       Whip              |    41 |   327 |   420 |       |       |       |       |       ||   788
       Demon whip        |       |       |       |   359 |  1517 |  2025 |  2179 |    47 ||  6127
Throw: Throwing net      |       |       |     2 |     1 |     1 |       |       |       ||     4
 Cast: Lesser Beckoning  |       |       |       |       |       |     2 |    16 |     1 ||    19
       Blink             |       |       |       |       |       |     1 |     1 |     1 ||     3
       Manifold Assault  |       |       |       |       |       |       |     3 |     3 ||     6
Invok: Heroism           |       |       |       |     3 |     6 |     8 |     7 |     1 ||    25
       Finesse           |       |       |       |       |       |     2 |     2 |       ||     4
 Abil: Evoke Blink       |       |       |       |       |     1 |     1 |       |       ||     2
Evoke: Wand              |       |       |    12 |     9 |     8 |    11 |     7 |     5 ||    52
  Use: Scroll            |       |     6 |    11 |    10 |    14 |    12 |    13 |     3 ||    69
       Potion            |       |     1 |     2 |     2 |     2 |     2 |     2 |     1 ||    12
 Stab: Held in net/web   |       |       |       |       |     2 |       |       |       ||     2
Armor: Scale mail        |    57 |   170 |   405 |   523 |   536 |   761 |   214 |       ||  2666
       Skin              |       |       |       |       |     1 |       |       |       ||     1
       Ice dragon scales |       |       |       |       |       |       |   886 |    91 ||   977
Dodge: Dodged            |    44 |   141 |   301 |   350 |   533 |  1024 |  1309 |    75 ||  3777
Block: Buckler           |    16 |    53 |   138 |   167 |   382 |   776 |   879 |    56 ||  2467
       Reflection        |       |       |       |       |    24 |   100 |    88 |    10 ||   222
